 Dungeon Crawl Stone Soup version 0.31-a0-836-g3ceb0a68c4 (webtiles) character file.

Game seed: 1529293623821817118

613 demibob the Grappler (level 7, -3/5 HPs)
             Began as a White Draconian Chaos Knight on Sept 26, 2023.
             Was a Plaything of Xom.
             Slain by an iguana (8 damage)
             ... on level 5 of the Dungeon.
             The game lasted 00:08:13 (3502 turns).

demibob the Grappler (White Draconian Chaos Knight) Turns: 3502, Time: 00:08:18

Health: -3/5       AC:  7    Str: 14    XL:     7   Next: 20%
Magic:  16/16      EV: 13    Int: 13    God:    Xom [...*..]
Gold:   235        SH:  0    Dex: 20    Spells: 6/6 levels left

rFire   . .          .
                       - Unarmed
rCold   + + .        (no shield)
rNeg    . . .        (body armour unavailable)
rPois   .            (helmet restricted)
rElec   .            (no cloak)
rCorr   .            c - +0 pair of gloves
SInv    .            (no boots)
Will    +....        m - amulet of regeneration
Stlth   ++           D - +6 ring of dexterity
HPRegen 1.00/turn    M - ring of magical power
MPRegen 0.15/turn

%: no passive effects
@: short of breath, maw-form
A: devouring maw, reduced hp, breathe frost, AC +6, unfitting armour, cold
resistance 2, cold-blooded, horns 1, stinger 1, talons 1, agile 1, strong-willed
1
a: Breathe Frost, Begin Untransformation, Renounce Religion


You were on level 5 of the Dungeon.
You worshipped Xom.
You were a favourite toy of Xom.
You were a creature with a mouth for a stomach.
You visited 1 branch of the dungeon, and saw 5 of its levels.

You collected 235 gold pieces.


Innate Abilities, Weirdness & Mutations

You are a creature with a mouth for a stomach.
Your midsection houses a second, enormous mouth.
Your maximum health is decreased, since you lack skill for your form.
You can breathe waves of freezing cold which knock back foes.
Your icy white scales are hard. (AC +6)
You cannot fit into any form of body armour.
Your flesh is very cold resistant. (rC++)
You are cold-blooded and may be slowed by cold attacks.
You have a pair of small horns on your head.
Your tail ends in a venomous barb.
You have sharp toenails.
You are agile. (Dex +4, Str/Int -1)
You are strong-willed. (Will+)


   Skills:
 - Level 3.2 Fighting
 - Level 2.1 Dodging
 + Level 8.4 Unarmed Combat


You had 6 spell levels left.
You didn't know any spells.
Your spell library contained the following spells:

 Spells                   Type           Power      Damage    Failure   Level
 Freeze                   Ice            0%         1d3       30%         1
 Magic Dart               Conj           0%         1d3       30%         1
 Searing Ray              Conj           0%         2d4       43%         2
 Frozen Ramparts          Ice            0%         1d1       67%         3
 Hailstorm                Conj/Ice       0%         3d3       67%         3
 Tukima's Dance           Hex            0%         N/A       67%         3
 Dimensional Bullseye     Hex/Tloc       0%         N/A       97%         4
 Fulminant Prism          Conj/Hex       0%         3d5       97%         4
 Iskenderun's Mystic Bla  Conj/Tloc      0%         2d3       97%         4
 Haunt                    Necr/Summ      0%         N/A       100%        7
 Borgnjor's Revivificati  Necr           0%         N/A       100%        8
 Death's Door             Necr           0%         N/A       100%        9

Inventory:

Missiles
 d - 2 throwing nets {=f}
Armour
 c - a +0 pair of gloves (worn)
Jewellery
 f - an amulet of faith {!P}
 m - an amulet of regeneration (around neck)
 D - a +6 ring of dexterity (left hand)
 M - a ring of magical power (right hand)
Talismans
 k - a maw talisman (active)
Wands
 a - a wand of flame (6)
 g - a wand of acid (8)
Scrolls
 b - 4 scrolls of identify {@r1}
 h - a scroll of enchant weapon
 l - a scroll of fog {unknown}
Potions
 e - a potion of heal wounds {@q2}
 i - a potion of ambrosia
 j - a potion of invisibility {unknown}

Dungeon Overview and Level Annotations

Branches:
Dungeon (5/15)
 Temple: D:4-7

Altars:
Dithmenos
Makhleb
Nemelex Xobeh
Uskayaw
Wu Jian
Xom

Shops:
D:4 [[: D:5

( .....#...............#
#..).##...
....................##
#.........
.....###.....#.....##
#.....<...
......#########...##
#......... .......#
#######..## ##.....###
..####.## #.........#
###...### ##
#..###.........# #....####
##.............###.......#
.#####......W.............#
.....##....l5.....##......#
#.................##......#
.........c..####..........#
##...........# #...#......#
.....#..###..# #..##......#
#.......# #...##..##......#
####.##.. #.#.##..##......#
#. ... ..


You could see a centaur, an iguana (ally target) and a friendly quasit
(summoned).


Message History

Aiming: Breathe Frost (5% risk of failure)
Press: ? - help, Shift-Dir - straight line, f - hound
Aim: a hound (ally target, 56% to hit)
You exhale a wave of freezing cold.
The freezing breath hits the hound!
The hound is heavily wounded.
The hound is knocked back by the freezing wind.
An iguana comes into view.
The hound pauses to sniff the ground.
The hound barely misses you.
You punch the hound!
You devour the hound!
You feel better.
You kill the hound!
A centaur comes into view.
The centaur shouts!
Your quasit bites the iguana but does no damage.
Your quasit claws the iguana.
Your quasit barely misses the iguana.
You punch the iguana! You claw the iguana, but do no damage.
Your bite misses the iguana.
The iguana is severely wounded.
The iguana closely misses you.
Your quasit bites the iguana but does no damage.
Your quasit misses the iguana.
Your quasit claws the iguana.
You barely miss the iguana. You claw the iguana, but do no damage.
You headbutt the iguana, but do no damage.
The iguana is severely wounded.
Your quasit closely misses the iguana.
Your quasit claws the iguana but does no damage.
Your quasit closely misses the iguana.
The iguana bites you!
Ouch! That really hurt!
You die...
Xom giggles madly!

Skill      XL: |  1  2  3  4  5  6 |
---------------+-------------------+-----
Unarmed Combat | 4 5 7 8 |  8.4
Fighting       | |  3.2
Dodging        | |  2.1

Action                     |  1- 3 |  4- 6 |  7- 9 || total
---------------------------+-------+-------+-------++-------
  Melee: Unarmed           |   125 |   145 |     4 ||   274
         Tailslap          |    10 |    14 |       ||    24
         Punch             |     2 |     1 |       ||     3
         Headbutt          |       |    22 |     1 ||    23
         Kick              |       |    36 |     2 ||    38
         Maw               |       |     7 |       ||     7
Ability: Breathe Frost     |       |       |     3 ||     3
  Evoke: Wand              |       |     4 |       ||     4
    Use: Scroll            |     3 |     6 |       ||     9
         Potion            |     3 |     1 |       ||     4
   Stab: Sleeping          |     1 |     5 |       ||     6
 Armour: Skin              |    63 |    59 |     2 ||   124
  Dodge: Dodged            |    68 |    79 |     2 ||   149
   Form: Maw               |       |     1 |       ||     1

Levels and vault maps discovered:
D:1:      dpeg_arrival_tiny_j, layout_basic,
          dreamdust_ecumenical_altar_angels_and_demons
D:2:      layout_rooms, minmay_worlds_worst_comb
D:3:      layout_basic, grunt_temple_overflow_champion_of_chaos,
          nicolae_uskayaw_suspiria, nzn_wu_jian_contemplation,
          nemelex_dance_club_becter, kennysheep_generic_room_5, uniq_ijyb
D:4:      layout_loops_corners, nicolae_dithmenos_through_a_glass_darkly,
          palyth_stone_intersect, nicolae_wooded_promenade, uniq_robin,
          uniq_edmund
D:5:      layout_rooms, serial_shops, nicolae_shop_bloodbath_and_beyond

Notes
Turn   | Place    | Note
-------+----------+-------------------------------------------
     0 | D:1      | demibob the Draconian Chaos Knight began the quest for the
                  | Orb.
     0 | D:1      | Reached XP level 1. HP: 19/19 MP: 1/1
   367 | D:1      | Found a faded altar of an unknown god.
   669 | D:2      | Reached XP level 2. HP: 26/26 MP: 2/2
   762 | D:2      | Reached skill level 4 in Unarmed Combat
   833 | D:2      | Reached XP level 3. HP: 26/31 MP: 3/3
  1376 | D:3      | Noticed Ijyb
  1391 | D:3      | HP: 3/31 [constriction (3)]
  1402 | D:3      | XOM: potion effect (heal wounds)
  1407 | D:3      | Killed Ijyb
  1408 | D:3      | Reached skill level 5 in Unarmed Combat
  1408 | D:3      | Reached XP level 4. HP: 16/38 MP: 4/4
  1440 | D:3      | XOM is BORED!
  1440 | D:3      | XOM: give mutations
  1440 | D:3      | Gained mutation: Your tail ends in a venomous barb. [Xom's
                  | mischief]
  1440 | D:3      | Gained mutation: Your flesh is cold resistant. (rC+) [Xom's
                  | mischief]
  1440 | D:3      | Gained mutation: Your flesh is very cold resistant. (rC++)
                  | [Xom's mischief]
  1440 | D:3      | Gained mutation: You have a pair of small horns on your
                  | head. [Xom's mischief]
  1575 | D:3      | Found a sparkling altar of Nemelex Xobeh.
  1760 | D:3      | Found an ornate altar of the Wu Jian Council.
  1800 | D:3      | XOM: give mutations
  1800 | D:3      | Gained mutation: You are strong-willed. (Will+) [Xom's
                  | grace]
  1800 | D:3      | Gained mutation: You are agile. (Dex +4, Str/Int -1) [Xom's
                  | grace]
  1800 | D:3      | Gained mutation: You have sharp toenails. [Xom's grace]
  1847 | D:3      | XOM: god gift: 50 gold pieces
  1867 | D:3      | Found a burning altar of Makhleb.
  1881 | D:3      | Found a shimmering altar of Xom.
  1907 | D:3      | Found a hide-covered altar of Uskayaw.
  2028 | D:3      | Reached XP level 5. HP: 45/45 MP: 5/5
  2136 | D:4      | Noticed Edmund
  2144 | D:4      | XOM: summons 2 friendly demons
  2164 | D:4      | XOM: destruction
  2188 | D:4      | HP: 2/45 [Edmund/+5 dire flail of protection (6)]
  2189 | D:4      | Killed Edmund
  2190 | D:4      | Reached skill level 6 in Unarmed Combat
  2374 | D:4      | Noticed Robin
  2386 | D:4      | XOM: cast spell 'Metabolic Englaciation'
  2388 | D:4      | Killed Robin
  2436 | D:4      | Reached skill level 7 in Unarmed Combat
  2436 | D:4      | Reached XP level 6. HP: 43/51 MP: 6/6
  2606 | D:4      | XOM: noise
  2608 | D:4      | Found Xuixtik's Armour Shoppe.
  2608 | D:4      | Found Amyib's Armour Boutique.
  2610 | D:4      | Found Atrotuof's Book Shoppe.
  2623 | D:4      | XOM: 2-stop teleportation journey
  2660 | D:4      | Found a shadowy altar of Dithmenos.
  2857 | D:4      | XOM: swap monsters
  3377 | D:5      | Entered Level 5 of the Dungeon
  3377 | D:5      | Found Byesh's Weapon Boutique.
  3413 | D:5      | XOM: summons friendly quasit
  3419 | D:5      | Reached skill level 8 in Unarmed Combat
  3419 | D:5      | Your scales start taking on an icy white colour.
  3419 | D:5      | Reached XP level 7. HP: 5/57 MP: 7/7
  3419 | D:5      | Mutation became permanent: Your flesh is cold resistant.
                  | (rC+) [White Draconian growth]
  3419 | D:5      | Gained mutation: Your flesh is very cold resistant. (rC++)
                  | [White Draconian growth]
  3489 | D:5      | XOM: noise
  3502 | D:5      | Slain by an iguana

Vanquished Creatures
  Edmund (D:4)
  A scorpion (D:4)
  A crimson imp (D:3)
  3 hounds (D:5)
  A sleepcap (D:5)
  An iguana (D:4)
  Ijyb (D:3)
  2 orc wizards (D:5)
  Robin (D:4)
  3 gnolls (D:4)
  7 adders
  2 ufetubi (D:4)
  A worm (D:3)
  3 dart slugs
  5 orcs
  9 endoplasms
  5 giant cockroaches
  15 goblins
  6 hobgoblins
  3 jackals (D:2)
  3 quokkas
  3 ball pythons
  2 bats (D:2)
  A frilled lizard (D:2)
  7 kobolds
  4 rats
91 creatures vanquished.

Vanquished Creatures (others)
  A dart slug (D:4)
1 creature vanquished.

Grand Total: 92 creatures vanquished

Table legend: (Time is in decaauts)
 A = Elapsed time spent in this place.
 B = Non-inter-level travel time spent in this place.
 C = Inter-level travel time spent in this place.
 D = Time resting spent in this place.
 E = Time spent auto-exploring this place.
 F = Levels seen in this place.
 G = Mean time per level.
                   A        B        C        D        E       F      G
               +--------+--------+--------+--------+--------+-----+--------+
         Total |   3477 |   3390 |     87 |    160 |   2609 |   5 |  695.4 |
       Dungeon |   3477 |   3390 |     87 |    160 |   2609 |   5 |  695.4 |
               +--------+--------+--------+--------+--------+-----+--------+

Top non-repeatable levels by time:
     D:4: 1297 daAuts
     D:3: 864 daAuts
     D:1: 661 daAuts
     D:2: 531 daAuts
     D:5: 122 daAuts

Table legend:
 A = Non-vault XP
 B = Vault XP
 C = Vault XP percentage of total XP
 D = Non-vault monster count
 E = Vault monster count
 F = Vault count percentage of total count
                 A         B        C        D         E       F
            +---------+---------+-------+---------+---------+-------
      Total |     601 |     275 |  31.4 |      69 |      23 |  25.0
            +---------+---------+-------+---------+---------+-------
        D:1 |      11 |       0 |   0.0 |       7 |       0 |   0.0
        D:2 |      46 |       6 |  11.5 |      20 |       3 |  13.0
        D:3 |      39 |      99 |  71.7 |      13 |       7 |  35.0
        D:4 |     250 |     170 |  40.5 |      21 |      13 |  38.2
        D:5 |     255 |       0 |   0.0 |       8 |       0 |   0.0
            +---------+---------+-------+---------+---------+-------
